cohdb
Replays
Latest Replays
All Replays
Popular Replays
Top Player Replays
Match Explorer
How It Works
Community
CoH3 Stats
Reddit
Sign in to upload your games and track your stats! →
Sign in with Steam
Match 41569579
Unlisted
Match 41569579
Overview
Messages
Build Orders
End
Kettenkrad Recon Vehicle
Construct Infanterie Kompanie
Grenadier Squad
Grenadier Squad
MG 42 Machine Gun Team
MG 42 Machine Gun Team
Construct Panzergrenadier Kompanie
251 Medium Carrier
Panzergrenadier Officer Quarters
Panzergrenadier Squad
Pioneer Squad
Selects Mechanized Battlegroup
Selects Mobile Repair Stations
Medical Station
(KCC)MGfirst
The noob
0
0
Comments
sign in to comment!
No comments posted yet!